 Dungeon Crawl Stone Soup version 0.29.1-2-gbd0b4ee654 (console) character file.

Game seed: 7272376649878217046

2 Goreval the Insei (level 1, -2/15 HPs)
             Began as a Merfolk Transmuter on Nov 10, 2022.
             Slain by a kobold
             ... wielding a +0 short sword
              (4 damage)
             ... on level 1 of the Dungeon.
             The game lasted 00:00:11 (238 turns).

Goreval the Insei (Merfolk Transmuter)               Turns: 238, Time: 00:00:12

Health: -2/15      AC:  2    Str: 10    XL:     1   Next: 40%
Magic:  3/3        EV: 12    Int: 12    God:
Gold:   10         SH:  0    Dex: 14    Spells: 3/4 levels left

rFire   . . .      SeeInvis .     - Unarmed
rCold   . . .      Faith    .   (no shield)
rNeg    . . .      Spirit   .   a - +0 robe
rPois   .          Reflect  .   (no helmet)
rElec   .          Harm     .   (no cloak)
rCorr   .          Rampage  .   (no gloves)
Will    .....                   (no boots)
Stlth   +.........              (no amulet)
HPRegen 0.05/turn               (no ring)
MPRegen 0.08/turn               (no ring)

@: no status effects
A: (nimble swimmer 2), mertail
a: no special abilities


You were on level 1 of the Dungeon.
You visited 1 branch of the dungeon, and saw 1 of its levels.

You collected 10 gold pieces.

Inventory:

Armour
 a - a +0 robe (worn)
Scrolls
 d - a scroll of enchant weapon {unknown}
Potions
 b - a potion of lignification
 c - 2 potions of brilliance {unknown}


   Skills:
 + Level 1.2 Fighting
 + Level 2.7 Dodging
 + Level 3.3 Unarmed Combat
 + Level 2.0 Spellcasting
 + Level 2.7 Transmutations


You had 3 spell levels left.
You knew the following spells:

 Your Spells              Type           Power      Damage    Failure   Level
a - Beastly Appendage     Tmut           14%        N/A       9%          1

Your spell library contained the following spells:

 Spells                   Type           Power      Damage    Failure   Level
 Wereblood                Tmut           7%         N/A       13%         2
 Spider Form              Tmut/Pois      4%         N/A       43%         3
 Ice Form                 Ice/Tmut       4%         N/A       83%         4


Dungeon Overview and Level Annotations

Branches:
Dungeon (1/15)

Altars:


Innate Abilities, Weirdness & Mutations

((You are very nimble when in or above water. (Stealth+, EV+, Speed+++)))
Your lower body shifts to a powerful aquatic tail in water.


Message History

You are too injured to fight recklessly!
You are too injured to fight recklessly!
You are too injured to fight recklessly!
You are too injured to fight recklessly!
You are too injured to fight recklessly!
You are too injured to fight recklessly!
You are too injured to fight recklessly!
You are too injured to fight recklessly!
You are too injured to fight recklessly!
You are too injured to fight recklessly!
You are too injured to fight recklessly!
You are too injured to fight recklessly!
You are too injured to fight recklessly!
You are too injured to fight recklessly!
You are too injured to fight recklessly!
You are too injured to fight recklessly!
You are too injured to fight recklessly!
You are too injured to fight recklessly!
You are too injured to fight recklessly!
You are too injured to fight recklessly!
You are too injured to fight recklessly!
You hit the hobgoblin but do no damage. The hobgoblin closely misses you.
You hit the hobgoblin but do no damage. The hobgoblin closely misses you.
You barely miss the hobgoblin. The hobgoblin hits you.
You hit the hobgoblin but do no damage. The hobgoblin closely misses you.
The kobold hits you with a +0 short sword.
* * * LOW HITPOINT WARNING * * *
You hit the hobgoblin. The kobold barely misses you. The hobgoblin hits you.
* * * LOW HITPOINT WARNING * * *
You barely miss the hobgoblin. You punch the hobgoblin.
You kill the hobgoblin!
The kobold hits you but does no damage. The kobold hits you but does no damage.
You see here a hobgoblin corpse.
You hit the kobold but do no damage.
The kobold hits you with a +0 short sword.
* * * LOW HITPOINT WARNING * * *
You closely miss the kobold.
The kobold hits you with a +0 short sword.
You die...

....# #.... ###.#.# ..#.#.#
#.#.#.# # #.#.#.# ...## #.
#.#.#)### #..^.. #.####.#.#...#
..... #..........#.# ....
###.########.# ####.# ##
#######..###.###..###....### #..
.............##............###...
............##...........!......#
#####...........#####............#
####...####.....### ####..........
###.........###'### ###........
#......<......'.+ +.w......
###.........###+# #@K......
####...#### #.......... #####
............. ............##.
...##..###...# ## ### ####


You could see a dart slug and a kobold.

Vanquished Creatures
  A hobgoblin (D:1)
  A quokka (D:1)
2 creatures vanquished.

Notes
Turn   | Place    | Note
-------+----------+-------------------------------------------
     0 | D:1      | Goreval the Merfolk Transmuter began the quest for the Orb.
     0 | D:1      | Reached XP level 1. HP: 15/15 MP: 3/3
   238 | D:1      | Slain by a kobold

Illustrated notes

Levels and vault maps discovered:
D:1:      elethiomel_arrival_infinity_welcomes_careful_drivers,
          layout_loops_ring, grunt_decor_junction

Action                   || total
-------------------------++-------
Melee: Unarmed           ||    13
       Punch             ||     1
Armor: Robe              ||     2
Dodge: Dodged            ||     7
